 Dungeon Crawl Stone Soup version 0.27.1-33-g824d729ab1 (webtiles) character file.

Game seed: 12748892086974365171

56 Thatpatchoflichen the Shooter (level 3, -4/21 HPs)
             Began as a Deep Elf Hunter on Nov 26, 2021.
             Slain by a gnoll (7 damage)
             ... on level 1 of the Dungeon.
             The game lasted 00:05:21 (1787 turns).

Thatpatchoflichen the Shooter (Deep Elf Hunter)     Turns: 1787, Time: 00:05:22

Health: -4/21      AC:  4    Str:  9    XL:     3   Next: 71%
Magic:  5/5        EV: 12    Int: 15    God:
Gold:   50         SH:  0    Dex: 16    Spells: 2/2 levels left

rFire    . . .     SeeInvis .   h - +2 whip (venom)
rCold    . . .     Faith    .   (no shield)
rNeg     . . .     Spirit   .   c - +0 leather armour
rPois    .         Reflect  .   (no helmet)
rElec    .         Harm     .   (no cloak)
rCorr    +         Rampage  .   (no gloves)
Will     .....                  g - +0 pair of boots
Stlth    ++........             (no amulet)
HPRegen  0.07/turn              n - ring of resist corrosion
MPRegen  0.09/turn              (no ring)

@: no status effects
A: no striking features
a: no special abilities


You were on level 1 of the Dungeon.
You visited 1 branch of the dungeon, and saw 2 of its levels.

You collected 50 gold pieces.

Inventory:

Hand Weapons
 a - a +1 shortbow
 b - a +0 short sword
 h - a +2 whip of venom (weapon)
Missiles
 d - 16 arrows
Armour
 c - a +0 leather armour (worn)
 g - a +0 pair of boots (worn)
Jewellery
 n - a ring of resist corrosion (left hand)
Scrolls
 f - a scroll of fear {unknown}
 j - a scroll of teleportation {unknown}
 k - a scroll of noise {unknown}
 l - a scroll of holy word {unknown}
 m - a scroll of identify {unknown}
Potions
 e - a potion of magic {unknown}
 i - a potion of might {unknown}
 o - a potion of degeneration {unknown}


   Skills:
 + Level 2.1 Fighting
 - Level 0.6 Short Blades
 + Level 5.8 Bows
 + Level 3.1 Dodging
 + Level 2.4 Stealth


You had 2 spell levels left.
You didn't know any spells.
Your spell library was empty.

Dungeon Overview and Level Annotations

Branches:
Dungeon (2/15)

Altars:
Ru

Shops:
D:2 *


Message History

There is a stone staircase leading down here.
The gnoll hits you from afar with a +0 spear.
The gnoll hits you but does no damage.
You see here a ball python corpse.
The gnoll throws a throwing net.
The throwing net barely misses you.
You see here a throwing net.
The gnoll barely misses you. The gnoll closely misses you.
The gnoll hits you from afar with a +0 spear.
The gnoll barely misses you.
You closely miss the gnoll. The gnoll barely misses you.
The gnoll hits you but does no damage. The gnoll completely misses you.
You hit the gnoll.
The gnoll is moderately wounded.
The gnoll misses you. The gnoll closely misses you.
You hit the gnoll but do no damage.
The gnoll is moderately wounded.
The gnoll barely misses you. The gnoll hits you with a +0 club.
The gnoll barely misses you. The gnoll barely misses you.
The gnoll barely misses you. The gnoll hits you with a +0 club.
You hit the gnoll.
The gnoll is poisoned.
The gnoll is severely wounded.
The gnoll hits you from afar with a +0 spear.
* * * LOW HITPOINT WARNING * * *
The gnoll hits you but does no damage. The gnoll closely misses you.
You closely miss the gnoll.
The gnoll is almost dead.
The gnoll barely misses you. x2
You kill the gnoll!
The gnoll hits you but does no damage.
The gnoll hits you from afar with a +0 spear.
* * * LOW HITPOINT WARNING * * *
The gnoll barely misses you.
The gnoll hits you from afar with a +0 spear.
* * * LOW HITPOINT WARNING * * *
The gnoll hits you from afar with a +0 spear!
You die...

........#♣ #.##
........#♣ #..#
........#♣###.#
........#♣#.'.#
#...##..# #.#.####
#...##..#♣#.#....#
........#♣#.#..#.#
........#♣#.#..#.#
........#♣#.##.#@#
........#♣#..#.#.#
........#♣##.#.#g#
#...##..# #..#.#.#
#...##..###+##.#.#
............#..#.#
............#.##.#
'#+#'########.##.#
.....8#......†##.#


You could see a gnoll.

Vanquished Creatures
  A gnoll (D:1)
  An adder (D:2)
  4 endoplasms (D:1)
  3 giant cockroaches (D:1)
  A goblin (D:1)
  8 hobgoblins
  A kobold (D:2)
  A quokka (D:2)
  4 ball pythons
  4 bats (D:1)
  2 frilled lizards (D:1)
  3 rats (D:1)
33 creatures vanquished.

Vanquished Creatures (others)
  A fungus (D:2)
  A plant (D:2)
2 creatures vanquished.

Grand Total: 35 creatures vanquished

Notes
Turn   | Place    | Note
-------+----------+-------------------------------------------
     0 | D:1      | Thatpatchoflichen the Deep Elf Hunter began the quest for
                  | the Orb.
     0 | D:1      | Reached XP level 1. HP: 12/12 MP: 3/3
   312 | D:1      | Reached XP level 2. HP: 17/17 MP: 4/4
   991 | D:1      | Reached XP level 3. HP: 16/21 MP: 5/5
  1371 | D:2      | Found a sacrificial altar of Ru.
  1647 | D:2      | Found Amozo's General Store.
  1787 | D:1      | Slain by a gnoll

Illustrated notes

Levels and vault maps discovered:
D:1:      beargit_arrival_diablo_church, layout_basic, st_stairs_12
D:2:      kb_forest_paths, layout_basic, basic_altar, serial_shops,
          nicolae_diamond_shop, shapermc_ecumenical_altar_acropolis,
          st_stairs_11, kennysheep_big_empty_room

Skill      XL: |  1  2  3 |
---------------+----------+-----
Stealth        | 2 |  2.4
Dodging        | 3 |  3.1
Fighting       | 2 |  2.1
Short Blades   | |  0.6
Bows           | |  5.8

Action                   || total
-------------------------++-------
Melee: Short sword       ||    15
       Whip              ||    59
 Fire: Shortbow          ||    37
 Stab: Sleeping          ||     1
Armor: Leather armour    ||    48
Dodge: Dodged            ||   115
